 Dungeon Crawl Stone Soup version 0.27.1-1-g398f81649c (webtiles) character file.

Game seed: 16436202984911579397

168 MisterFreud the Shield-Bearer (level 5, -8/47 HPs)
             Began as a Gnoll Fighter on Sept 17, 2021.
             Was a Plaything of Xom.
             Mangled by Edmund (16 damage)
             ... on level 4 of the Dungeon.
             The game lasted 00:02:37 (2890 turns).

MisterFreud the Shield-Bearer (Gnoll Fighter)       Turns: 2890, Time: 00:02:38

Health: -8/47      AC:  9    Str: 15    XL:     5   Next: 48%
Magic:  7/7        EV:  8    Int: 14    God:    Xom [....*.]
Gold:   159        SH: 10    Dex: 12    Spells: 7/7 levels left

rFire    . . .     SeeInvis .   a - +0 rapier
rCold    . . .     Faith    .   c - +0 kite shield
rNeg     . . .     Spirit   .   b - +0 scale mail
rPois    .         Reflect  .   (no helmet)
rElec    .         Harm     .   (no cloak)
rCorr    .         Rampage  .   k - +0 pair of gloves
Will     .....                  (no boots)
Stlth    ..........             (no amulet)
HPRegen  0.15/turn              h - +6 ring of intelligence
MPRegen  0.10/turn              m - +4 ring of slaying

@: no status effects
A: fangs 1, strong nose, distributed training
a: Renounce Religion


You were on level 4 of the Dungeon.
You worshipped Xom.
You were a beloved toy of Xom.
You visited 1 branch of the dungeon, and saw 4 of its levels.

You collected 159 gold pieces.

Inventory:

Hand Weapons
 a - a +0 rapier (weapon)
Missiles
 f - 2 boomerangs (quivered)
Armour
 b - a +0 scale mail (worn)
 c - a +0 kite shield (worn)
 k - a +0 pair of gloves (worn)
Jewellery
 h - a +6 ring of intelligence (left hand)
 m - a +4 ring of slaying (right hand)
 o - a ring of resist corrosion
Wands
 p - a wand of acid (8)
Scrolls
 e - 3 scrolls of identify {unknown}
 g - a scroll of holy word {unknown}
 l - a scroll of immolation {unknown}
 n - a scroll of vulnerability {unknown}
 q - a scroll of teleportation {unknown}
 r - a scroll of amnesia {unknown}
Potions
 d - a potion of might
 i - 2 potions of degeneration {unknown}
 j - 2 potions of curing {unknown}


   Skills:
 + Level 6.7 Fighting
 + Level 4.8 Short Blades
 + Level 1.5 Long Blades
 + Level 1.5 Axes
 + Level 1.5 Maces & Flails
 + Level 1.5 Polearms
 + Level 1.5 Staves
 + Level 1.5 Slings
 + Level 1.5 Bows
 + Level 1.5 Crossbows
 + Level 1.5 Throwing
 + Level 6.7 Armour
 + Level 1.5 Dodging
 + Level 1.5 Stealth
 + Level 6.7 Shields
 + Level 1.5 Unarmed Combat
 + Level 1.5 Spellcasting
 + Level 1.2 Conjurations
 + Level 1.2 Hexes
 + Level 1.2 Summonings
 + Level 1.2 Necromancy
 + Level 1.2 Translocations
 + Level 1.2 Transmutations
 + Level 1.2 Fire Magic
 + Level 1.2 Ice Magic
 + Level 1.2 Air Magic
 + Level 1.2 Earth Magic
 + Level 1.2 Poison Magic
 + Level 1.7 Invocations
 + Level 1.5 Evocations


You had 7 spell levels left.
You didn't know any spells.
Your spell library was empty.

Dungeon Overview and Level Annotations

Branches:
Dungeon (4/15)
 Temple: D:4-7

Altars:
Xom

Annotations:
D:4 Edmund


Innate Abilities, Weirdness & Mutations

You have very sharp teeth.
Your uncanny sense of smell can sniff out nearby items.
Your experience applies equally to all skills.


Message History

Edmund is nearby!
There is a stone staircase leading down here.
Edmund barely misses you.
You hit Edmund but do no damage. Edmund hits you but does no damage.
You hit Edmund.
Edmund is lightly wounded.
Edmund hits you but does no damage.
You hit Edmund but do no damage.
Edmund is lightly wounded.
Edmund says, "People think my brother is the best.
I think he's crazy."
Edmund hits you with a +2 dire flail of protection!
You puncture Edmund!
Edmund is moderately wounded.
Edmund hits you with a +2 dire flail of protection!
You completely miss Edmund.
Edmund is moderately wounded.
Edmund hits you with a +2 dire flail of protection.
You block Edmund's attack.
You hit Edmund. You bite Edmund.
Edmund is moderately wounded.
Edmund asks, "Have you met my wondrous brother?"
You block Edmund's attack.
You hit Edmund but do no damage.
Edmund is moderately wounded.
Edmund hits you with a +2 dire flail of protection.
You hit Edmund. You bite Edmund, but do no damage.
Edmund is heavily wounded.
You block Edmund's attack.
You hit Edmund but do no damage.
Edmund is heavily wounded.
Edmund hits you with a +2 dire flail of protection!
* * * LOW HITPOINT WARNING * * *
You puncture Edmund!
Edmund is severely wounded.
You block Edmund's attack.
You puncture Edmund!
Edmund is severely wounded.
Edmund hits you with a +2 dire flail of protection!
You die...
Xom snickers!

#.########
#..## #.#
##..#
#.######
#..#
.......#
#..##
##.###.#
#...#
.....#.#
##..#
....##.#
#.>#
..†.'..#
##.#
....####
#@# ....#
#@# ....#
#$# ....#
#.#∆ ....#
#.# ....#
#.# ∆
....# #.#
....# #.#
....#


You could see Edmund.

Vanquished Creatures
  An orc priest (D:3)
  4 gnolls (D:4)
  2 adders
  2 worms (D:3)
  3 dart slugs
  2 orcs (D:3)
  6 bats
  8 endoplasms
  A giant cockroach (D:2)
  A goblin (D:2)
  6 hobgoblins
  3 jackals (D:1)
  6 kobolds
  5 quokkas
  7 ball pythons
  7 frilled lizards
  A rat (D:2)
65 creatures vanquished.

Notes
Turn   | Place    | Note
-------+----------+-------------------------------------------
     0 | D:1      | MisterFreud the Gnoll Fighter began the quest for the Orb.
     0 | D:1      | Reached XP level 1. HP: 23/23 MP: 1/1
   211 | D:1      | Reached XP level 2. HP: 28/29 MP: 2/2
   752 | D:1      | Reached XP level 3. HP: 35/35 MP: 3/3
  1304 | D:2      | Reached skill level 1 in Invocations
  1358 | D:2      | Found a faded altar of an unknown god.
  1366 | D:2      | Became a worshipper of Xom of Chaos
  1703 | D:2      | Reached skill level 1 in Long Blades
  1703 | D:2      | Reached skill level 1 in Axes
  1703 | D:2      | Reached skill level 1 in Maces & Flails
  1703 | D:2      | Reached skill level 1 in Polearms
  1703 | D:2      | Reached skill level 1 in Staves
  1703 | D:2      | Reached skill level 1 in Slings
  1703 | D:2      | Reached skill level 1 in Bows
  1703 | D:2      | Reached skill level 1 in Crossbows
  1703 | D:2      | Reached skill level 1 in Throwing
  1703 | D:2      | Reached skill level 1 in Dodging
  1703 | D:2      | Reached skill level 1 in Stealth
  1703 | D:2      | Reached skill level 1 in Unarmed Combat
  1703 | D:2      | Reached skill level 1 in Spellcasting
  1703 | D:2      | Reached skill level 1 in Evocations
  1718 | D:2      | Reached XP level 4. HP: 41/41 MP: 5/5
  1951 | D:3      | Reached skill level 1 in Conjurations
  1951 | D:3      | Reached skill level 1 in Hexes
  1951 | D:3      | Reached skill level 1 in Summonings
  1951 | D:3      | Reached skill level 1 in Necromancy
  1951 | D:3      | Reached skill level 1 in Translocations
  1951 | D:3      | Reached skill level 1 in Transmutations
  1951 | D:3      | Reached skill level 1 in Fire Magic
  1951 | D:3      | Reached skill level 1 in Ice Magic
  1951 | D:3      | Reached skill level 1 in Air Magic
  1951 | D:3      | Reached skill level 1 in Earth Magic
  1951 | D:3      | Reached skill level 1 in Poison Magic
  2057 | D:3      | XOM: god gift: tourmaline ring {god gift}
  2067 | D:3      | XOM: 10-stop teleportation journey
  2213 | D:3      | Reached XP level 5. HP: 41/47 MP: 6/6
  2876 | D:4      | Noticed Edmund
  2890 | D:4      | Mangled by Edmund

Illustrated notes

Levels and vault maps discovered:
D:1:      minmay_arrival_stone_box, layout_basic
D:2:      layout_loops_cross, shapermc_ecumenical_altar_starsandcircs
D:3:      layout_rooms
D:4:      layout_basic, uniq_edmund, uniq_robin

Skill      XL: |  1  2  3  4 |
---------------+-------------+-----
Invocations    | 1 |  1.7
Long Blades    | 1 |  1.5
Axes           | 1 |  1.5
Maces & Flails | 1 |  1.5
Polearms       | 1 |  1.5
Staves         | 1 |  1.5
Slings         | 1 |  1.5
Bows           | 1 |  1.5
Crossbows      | 1 |  1.5
Throwing       | 1 |  1.5
Dodging        | 1 |  1.5
Stealth        | 1 |  1.5
Unarmed Combat | 1 |  1.5
Spellcasting   | 1 |  1.5
Evocations     | 1 |  1.5
Conjurations   | 1 |  1.2
Hexes          | 1 |  1.2
Summonings     | 1 |  1.2
Necromancy     | 1 |  1.2
Translocations | 1 |  1.2
Transmutations | 1 |  1.2
Fire Magic     | 1 |  1.2
Ice Magic      | 1 |  1.2
Air Magic      | 1 |  1.2
Earth Magic    | 1 |  1.2
Poison Magic   | 1 |  1.2
Fighting       | |  6.7
Short Blades   | |  4.8
Armour         | |  6.7
Shields        | |  6.7

Action                   |  1- 3 |  4- 6 || total
-------------------------+-------+-------++-------
Melee: Rapier            |   129 |    78 ||   207
       Bite              |    12 |     8 ||    20
Armor: Scale mail        |    45 |    27 ||    72
Dodge: Dodged            |    24 |    16 ||    40
Block: Kite shield       |    62 |    41 ||   103
